 Dungeon Crawl Stone Soup version 0.29-a0-565-g7a16c6de65 (webtiles) character file.

Game seed: 4297600668954983940

78 Glokmah the Insei (level 4, 0/33 HPs)
             Began as a Merfolk Transmuter on June 12, 2022.
             Slain by a gnoll
             ... wielding a +0 club
              (3 damage)
             ... on level 3 of the Dungeon.
             The game lasted 00:03:38 (2627 turns).

Glokmah the Insei (Merfolk Transmuter)              Turns: 2627, Time: 00:03:39

Health: 0/33       AC:  2    Str: 12    XL:     4   Next: 36%
Magic:  5/7        EV: 12    Int: 12    God:
Gold:   101        SH:  0    Dex: 14    Spells: 5/8 levels left

rFire   . . .      SeeInvis .     - Unarmed
rCold   . . .      Faith    .   (no shield)
rNeg    + . .      Spirit   .   a - +0 robe
rPois   .          Reflect  .   (no helmet)
rElec   .          Harm     .   (no cloak)
rCorr   .          Rampage  .   (no gloves)
Will    .....                   (no boots)
Stlth   +.........              (no amulet)
HPRegen 0.11/turn               d - ring of positive energy
MPRegen 0.10/turn               q - +4 ring of slaying

@: wereblooded
A: (nimble swimmer 2), mertail
a: no special abilities


You were on level 3 of the Dungeon.
You visited 1 branch of the dungeon, and saw 3 of its levels.

You collected 101 gold pieces.

Inventory:

Missiles
 m - 3 datura-tipped darts
 o - 4 poisoned darts
Armour
 a - a +0 robe (worn)
Jewellery
 d - a ring of positive energy (left hand)
 q - a +4 ring of slaying (right hand)
Scrolls
 c - 2 scrolls of identify {unknown}
 g - 3 scrolls of teleportation {unknown}
 h - 3 scrolls of immolation {unknown}
 i - a scroll of torment {unknown}
 p - a scroll of magic mapping {unknown}
Potions
 b - 2 potions of lignification
 e - 2 potions of heal wounds {unknown}
 f - 3 potions of might {unknown}
 j - a potion of resistance {unknown}
 k - a potion of haste {unknown}
 l - a potion of attraction {unknown}
 n - a potion of flight {unknown}
 r - a potion of brilliance {unknown}


   Skills:
 + Level 2.2 Fighting
 - Level 2.6 Dodging
 * Level 4.2 Unarmed Combat
 + Level 2.5 Spellcasting
 + Level 3.6 Transmutations


You had 5 spell levels left.
You knew the following spells:

 Your Spells              Type           Power      Damage    Failure   Level
a - Beastly Appendage     Tmut           20%        N/A       6%          1
b - Wereblood             Tmut           10%        N/A       9%          2

Your spell library contained the following spells:

 Spells                   Type           Power      Damage    Failure   Level
 Spider Form              Tmut/Pois      5%         N/A       36%         3
 Dazzling Flash           Conj/Hex       2%         N/A       61%         3
 Ice Form                 Ice/Tmut       5%         N/A       77%         4
 Agony                    Necr           1%         N/A       100%        5
 Silence                  Hex/Air        0%         N/A       100%        5


Dungeon Overview and Level Annotations

Branches:
Dungeon (3/15)

Altars:

Annotations:
D:3 1 transporter, Sekuso's ghost, amateur FoHu


Innate Abilities, Weirdness & Mutations

((You are very nimble when in or above water. (Stealth+, EV+, Speed+++)))
Your lower body shifts to a powerful aquatic tail in water.


Message History

A gnoll comes into view. It is wielding a +0 flail.
Your transformation is almost over.
The gnoll hits you but does no damage. The gnoll attacks as you move away!
The gnoll hits you with a +0 whip!
Casting: Beastly Appendage (safe; 6% risk of failure)
Confirm with . or Enter, or press ? or * to list all spells.
Your blood is infused with primal strength.
The gnoll closely misses you. x2
You hit the gnoll. You headbutt the gnoll!
The gnoll is severely wounded.
The gnoll closely misses you.
The gnoll hits you from afar with a +0 spear!
You punch the gnoll!
You feel a bit better.
You kill the gnoll!
The gnoll barely misses you.
You have reached level 4!
The gnoll hits you with a +0 spear!
Things that are here:
a +0 whip; a gnoll corpse You punch the gnoll!
Your headbutt misses the gnoll.
The gnoll is severely wounded.
The gnoll misses you.
You hit the gnoll.
The gnoll is almost dead.
You hit the gnoll.
You feel a bit better.
You kill the gnoll!
You hit the gnoll. You headbutt the gnoll!
The gnoll is almost dead.
Your horns disappear.
The gnoll hits you with a +0 flail!
* * * LOW HITPOINT WARNING * * *
You hit the gnoll.
You feel a bit better.
You kill the gnoll!
You hit the gnoll but do no damage.
You howl as the wereblood boils in your veins!
The gnoll misses you.
Okay, then.
A quokka comes into view.
The gnoll attacks as you move away! The gnoll hits you with a +0 club.
You die...

#####.. ... # #...#.#
##.# ...
####.#...######..#.....
.###....
.............))........
........
##..r...#######.....
.......## ##.......## ...
####....######.).......##
.
...##............g......#
...8#..#####....@.......#
....#..# ##.............#
....#..###<.#...........#
....#©.....##...........#
....#...#####.#........##
....#..## #............
..o8#..######............
..S##...................
####.....<..........


You could see a gnoll and a quokka.

Vanquished Creatures
  3 gnolls (D:3)
  A dart slug (D:2)
  3 ball pythons
  2 endoplasms
  7 goblins
  6 hobgoblins
  3 quokkas
  3 bats
  2 frilled lizards
  8 kobolds
  8 rats
46 creatures vanquished.

Notes
Turn   | Place    | Note
-------+----------+-------------------------------------------
     0 | D:1      | Glokmah the Merfolk Transmuter began the quest for the Orb.
     0 | D:1      | Reached XP level 1. HP: 15/15 MP: 3/3
    51 | D:1      | Reached XP level 2. HP: 17/21 MP: 3/5
   191 | D:1      | Learned a level 2 spell: Wereblood
  1073 | D:1      | Reached XP level 3. HP: 14/26 MP: 4/6
  1389 | D:2      | Found a faded altar of an unknown god.
  2179 | D:2      | Reached skill level 4 in Unarmed Combat
  2463 | D:3      | Noticed Sekuso's ghost (amateur FoHu)
  2464 | D:3      | Found a transporter.
  2613 | D:3      | Reached XP level 4. HP: 18/33 MP: 4/7
  2617 | D:3      | HP: 1/33 [gnoll/+0 flail (12)]
  2627 | D:3      | Slain by a gnoll

Illustrated notes

Levels and vault maps discovered:
D:1:      scummos_arrival_simple_crosswalls, layout_basic
D:2:      minmay_door_path, layout_basic, chequers_ecumenical_altar_simple,
          minmay_misc_feat_square, minmay_pentomino_pile
D:3:      layout_rooms, gammafunk_ghost_arena, serial_shops, shop

Skill      XL: |  1  2  3 |
---------------+----------+-----
Transmutations | 3 |  3.6
Unarmed Combat | 4 |  4.2
Fighting       | 2 |  2.2
Dodging        | |  2.6
Spellcasting   | |  2.5

Action                   |  1- 3 |  4- 6 || total
-------------------------+-------+-------++-------
Melee: Unarmed           |   109 |     6 ||   115
       Headbutt          |    20 |     1 ||    21
       Punch             |     4 |       ||     4
 Cast: Beastly Appendage |    25 |       ||    25
       Wereblood         |     4 |       ||     4
 Stab: Sleeping          |     3 |       ||     3
Armor: Robe              |    21 |       ||    21
Dodge: Dodged            |    61 |     2 ||    63

Table legend: (Time is in decaauts)
 A = Elapsed time spent in this place.
 B = Non-inter-level travel time spent in this place.
 C = Inter-level travel time spent in this place.
 D = Time resting spent in this place.
 E = Time spent auto-exploring this place.
 F = Levels seen in this place.
 G = Mean time per level.
                   A        B        C        D        E       F      G
               +--------+--------+--------+--------+--------+-----+--------+
         Total |   2619 |   2458 |    161 |      0 |   1982 |   3 |  873.0 |
       Dungeon |   2619 |   2458 |    161 |      0 |   1982 |   3 |  873.0 |
               +--------+--------+--------+--------+--------+-----+--------+

Top non-repeatable levels by time:
     D:1: 1378 daAuts
     D:2: 1155 daAuts
     D:3: 86 daAuts
